 Dungeon Crawl Stone Soup version 0.13-a0-3133-gec0fa00 (webtiles) character file.

71 Malachi the Stinger (level 3, -1/24 HPs)
             Began as a Demonspawn Venom Mage on Sept 21, 2013.
             Slain by an iguana skeleton (6 damage)
             ... on Level 1 of the Dungeon.
             The game lasted 00:05:01 (1804 turns).

Malachi the Stinger (Demonspawn Venom Mage)         Turns: 1804, Time: 00:05:01

HP  -1/24        AC  6     Str  8      XL: 3   Next:  5%
MP   1/6         EV 12     Int 17      God:
Gold 41          SH  0     Dex 13      Spells:  1 memorised,  3 levels left

Res.Fire  : . . .   See Invis. : .   (no weapon)
Res.Cold  : . . .   Warding    : .   a - +0 robe
Life Prot.: . . .   Conserve   : .   (no shield)
Res.Poison: .       Res.Corr.  : .   (no helmet)
Res.Elec. : .       Clarity    : .   (no cloak)
Sust.Abil.: . .     Spirit.Shd : .   (no gloves)
Res.Mut.  : .       Stasis     : .   (no boots)
Res.Rott. : .       Flight     : .   (no amulet)
Saprovore : . . .                    g - ring of teleport control
                                     d - ring of sustenance

@: very slightly contaminated, not resistant to hostile enchantments, fairly
stealthy
A: AC +4
a: Evoke Teleport Control


You were on level 1 of the Dungeon.
You were not hungry.

You visited 1 branch of the dungeon, and saw 1 of its levels.

You collected 21 gold pieces.

Inventory:

Armour
 a - a +0 robe (worn)
Comestibles
 c - a bread ration
 k - an apple
 l - a chunk of rat flesh
 o - 2 rotting chunks of goblin flesh
 p - 2 pears
 r - a rotting chunk of rat flesh
 s - 2 chunks of hobgoblin flesh
 v - 2 chunks of goblin flesh
Scrolls
 e - a scroll of identify
 f - a scroll of enchant armour {unknown}
 h - a scroll of enchant weapon I {unknown}
 j - a scroll of fear {unknown}
 q - a scroll of teleportation {unknown}
 t - a scroll of blinking {unknown}
Jewellery
 d - a ring of sustenance (left hand)
 g - a ring of teleport control (right hand)
Potions
 i - a potion of restore abilities {unknown}
 m - 2 potions of curing {unknown}
 u - a potion of slowing {unknown}
Books
 b - a Young Poisoner's Handbook

   Spells                             Type                      Level
   *Sting                             Conjuration/Poison           1
   Cure Poison                        Poison                       2
   Mephitic Cloud                     Conjuration/Poison/Air       3
   Olgreb's Toxic Radiance            Poison                       4
   Venom Bolt                         Conjuration/Poison           5


   Skills:
 + Level 1.7 Dodging
 + Level 1.9 Stealth
 + Level 1.3 Spellcasting
 + Level 0.8 Conjurations
 + Level 4.6 Poison Magic


You had 3 spell levels left.
You knew the following spells:

 Your Spells              Type           Power        Failure   Level  Hunger
a - Sting                 Conj/Pois      ##..         10%         1    ##.....


Dungeon Overview and Level Annotations

Branches:
Dungeon (1/27)

Altars:


Innate Abilities, Weirdness & Mutations

You are partially covered in iridescent scales (AC +4).


Message History

Confirm with . or Enter, or press ? or * to list all spells.
Aiming: Sting
Press: ? - help, Shift-Dir - straight line, f/p - iguana skeleton
Aim: an iguana skeleton The sting hits the iguana skeleton.
The iguana skeleton completely resists.
The iguana skeleton bites you but does no damage.
Casting: Sting
Confirm with . or Enter, or press ? or * to list all spells.
Aiming: Sting
Press: ? - help, Shift-Dir - straight line, f/p - iguana skeleton
Aim: an iguana skeleton The sting hits the iguana skeleton.
The iguana skeleton completely resists.
Casting: Sting
Confirm with . or Enter, or press ? or * to list all spells.
Aiming: Sting
Press: ? - help, Shift-Dir - straight line, f/p - iguana skeleton
Aim: an iguana skeleton The sting hits the iguana skeleton.
The iguana skeleton completely resists.
The iguana skeleton bites you.
You die...

#.# #.#####.).#.#.#.# ### #.# #.#
#...#.#.#.# #.. #.# ###.#
###.#.#...# #.. #####.###...#
#.#.#...# #..
...##...#...#######.#.#...# ###
..........................# #
.....)..###.####).........# ####
..........................# #...
##.....####....z@........## #...
##.....## #..#####....##.# #...
##......# #..# #....##.## ###.
####...###..# #....#...# #.
####.....%...# ##.#.#...#######
...#...####..######.#.#.....##...
.......# #.........#.##....##...
...#...####.....#####.##....##...
.###.#.#........# #....########


You could see an iguana skeleton.

Vanquished Creatures
  2 giant geckos (D:1)
  2 giant cockroaches (D:1)
  4 goblins (D:1)
  5 hobgoblins (D:1)
  4 kobolds (D:1)
  4 bats (D:1)
  6 rats (D:1)
27 creatures vanquished.

Notes
Turn   | Place    | Note
--------------------------------------------------------------
     0 | D:1      | Malachi, the Demonspawn Venom Mage, began the quest for the Orb.
     0 | D:1      | Reached XP level 1. HP: 13/13 MP: 3/3
   598 | D:1      | Gained mutation: You are partially covered in iridescent scales (AC +4). [demonic ancestry]
   598 | D:1      | Reached XP level 2. HP: 19/19 MP: 2/4
  1699 | D:1      | Reached XP level 3. HP: 24/24 MP: 1/5
  1804 | D:1      | Slain by an iguana skeleton

Action                   || total
-------------------------++-------
Melee: Unarmed           ||    21
 Cast: Sting             ||    57
  Use: Scroll            ||     1
